 Dungeon Sprint DCSS version 0.31-a0-841-g038b102fc3 (webtiles) character file.

Game seed: 7279624021287903856

136 sircluck the Ruffian (level 4, 0/50 HPs)
             Began as a Troll Berserker on Sept 27, 2023.
             Was a Follower of Trog.
             Slain by a komodo dragon (23 damage)
             ... in the Dungeon (Sprint VII: "The Pits").
             The game lasted 00:00:13 (231 turns).

sircluck the Ruffian (Troll Berserker)               Turns: 231, Time: 00:00:14

Health: 0/50       AC:  4    Str: 27    XL:     4   Next: 98%
Magic:  3/3        EV: 11    Int:  3    God:    Trog [*.....]
Gold:   0          SH:  0    Dex:  9    Spells: 3/3 levels left

rFire   . .          .
                       - Unarmed
rCold   . . .        (no shield)
rNeg    . . .        a - +0 animal skin
rPois   .            (helmet restricted)
rElec   .            (no cloak)
rCorr   .            (gloves unavailable)
SInv    .            (boots unavailable)
Will    .....        (no amulet)
Stlth   +            (no ring)
HPRegen 1.08/turn    (no ring)
MPRegen 0.08/turn

%: no teleportation
@: no status effects
A: large, unfitting armour, claws 3, regeneration 1, shaggy fur 1, tough skin 1
a: Renounce Religion, Berserk


You were in the Dungeon.
You worshipped Trog.
Trog was aware of your devotion.
You visited 1 branch

Inventory:

Armour
 a - a +0 animal skin (worn)
Scrolls
 g - a scroll of blinking
Potions
 b - a potion of curing
 c - a potion of heal wounds
 d - a potion of haste
 e - 2 potions of magic
 f - a potion of berserk rage


   Skills:
 + Level 5.4 Fighting
 + Level 5.3 Dodging
 + Level 6.4 Unarmed Combat


You had 3 spell levels left.
You didn't know any spells.
Your spell library was empty.

Dungeon Overview and Level Annotations

Branches:
Dungeon (1/1)

Altars:


Innate Abilities, Weirdness & Mutations

You are too large for most types of armour.
You have claws for hands.
Your natural rate of healing is unusually fast.
You are covered in fur. (AC +1)
You have tough skin. (AC +1)


Message History

You claw the scorpion!
The scorpion is severely wounded.
The scorpion stings you.
The centaur wields a +0 shortbow.
The centaur shoots an arrow.
The arrow hits you.
You barely miss the scorpion.
The scorpion is severely wounded.
The scorpion closely misses you. The komodo dragon bites you!
You claw the scorpion!
You kill the scorpion!
Trog accepts your kill. The komodo dragon closely misses you.
Your Fighting skill gained 2 levels and is now at level 4!
Your Dodging skill gained 2 levels and is now at level 4!
Your Unarmed Combat skill gained 2 levels and is now at level 5!
You have reached level 2!
You have reached level 3!
Your experience leads to an increase in your attributes!
Increase (S)trength, (I)ntelligence, or (D)exterity?
You feel stronger. x3
Unknown command.
Unknown command.
Unknown command.
Unknown command.
You mangle the centaur!!
You kill the centaur!
Trog accepts your kill. The komodo dragon barely misses you.
Your Fighting skill increases to level 5!
Your Dodging skill increases to level 5!
Your Unarmed Combat skill increases to level 6!
You have reached level 4!
Unknown command.
Unknown command.
You barely miss the komodo dragon. The komodo dragon closely misses you.
You scratch the komodo dragon.
The komodo dragon is lightly wounded.
You claw the komodo dragon!
The komodo dragon is moderately wounded.
The komodo dragon bites you!!
You die...

#................+
+................+
#......#..#......#
#................#
####'#####''######
#.......##''#####
#.......##......#
#.......##......#
#...<...###.@†.##
#.......# ##l)##
#.......# ....#
#.......# ......#
##########......+
#......# ##....##
##++##


You could see a komodo dragon.

Vanquished Creatures
  A centaur (D)
  A scorpion (D)
2 creatures vanquished.

Notes
Turn   | Place    | Note
-------+----------+-------------------------------------------
     0 | D        | sircluck the Troll Berserker began the quest for the Orb.
     0 | D        | Reached XP level 1. HP: 22/22 MP: 0/0
    17 | D        | Noticed a scorpion
    17 | D        | Noticed a centaur
    17 | D        | Noticed a komodo dragon
   227 | D        | Killed a scorpion
   228 | D        | Reached skill level 5 in Unarmed Combat
   228 | D        | Reached XP level 2. HP: 12/33 MP: 1/1
   228 | D        | Reached XP level 3. HP: 15/40 MP: 2/2
   228 | D        | Killed a centaur
   229 | D        | Reached skill level 5 in Fighting
   229 | D        | Reached skill level 5 in Dodging
   229 | D        | Reached skill level 6 in Unarmed Combat
   229 | D        | Reached XP level 4. HP: 20/50 MP: 3/3
   231 | D        | Slain by a komodo dragon

Illustrated notes

Levels and vault maps discovered:
D:        pitsprint [storerooms_1, entrance_room_1, metal_vault_2, armoury_3,
          mini_pit_1, grid_room_1, main_hall_1, silver_pit, the_coven_3,
          the_vestibule_1, steel_vault_3, golden_pit, hallway_of_sentries,
          crystal_vault_1, iron_vault_3, final_vault]

Skill      XL: |  1  2  3 |
---------------+----------+-----
Fighting       | 4 5 |  5.4
Dodging        | 4 5 |  5.3
Unarmed Combat | 5 6 |  6.4

Action                     |  1- 3 |  4- 6 || total
---------------------------+-------+-------++-------
  Melee: Unarmed           |     4 |     3 ||     7
 Armour: Animal skin       |     4 |     1 ||     5
  Dodge: Dodged            |     3 |     1 ||     4

Table legend: (Time is in decaauts)
 A = Elapsed time spent in this place.
 B = Non-inter-level travel time spent in this place.
 C = Inter-level travel time spent in this place.
 D = Time resting spent in this place.
 E = Time spent auto-exploring this place.
 F = Levels seen in this place.
 G = Mean time per level.
                   A        B        C        D        E       F      G
               +--------+--------+--------+--------+--------+-----+--------+
         Total |    230 |    230 |      0 |    200 |     17 |   1 |  230.0 |
       Dungeon |    230 |    230 |      0 |    200 |     17 |   1 |  230.0 |
               +--------+--------+--------+--------+--------+-----+--------+

Top non-repeatable levels by time:
       D: 230 daAuts
